Get step-by-step instructions on how to execute this build order below. Start the game timer, and the build order will tick by so you can play in parallel with StarCraft on a second screen or mobile device.

Game Time

  0:00

Last Step

  N/A

Next Step

Upcoming Step



Don't want to look back and forth between 2 screens? Try out our Overwolf App, the Spawning Tool Build Advisor to get an in-game overlay with this build!

Complete Build Order

  12  0:00  Probe  
  13  0:13  Probe  
  14  0:20  Pylon  
  14  0:25  Probe  
  15  0:38  Probe  
  15  0:39  Gateway  
  16  0:48  Assimilator  
  16  0:50  Probe  
  17  1:03  Probe (Chrono Boost)  
  19  1:15  Probe (Chrono Boost)  
  19  1:23  Nexus  
  20  1:25  Probe  
  20  1:35  Cybernetics Core  
  20  1:38  Probe (Chrono Boost)  
  21  1:44  Assimilator  
  21  1:50  Probe (Chrono Boost)  
  21  1:53  Pylon  
  23  2:12  Warp Gate, Adept  
  28  2:33  Stargate  
  29  2:39  Zealot  
  37  3:15  Oracle  
  42  3:20  Gateway  
  42  3:28  Gateway  
  42  3:33  Pylon  
  45  3:49  Nexus  
  45  3:53  Oracle  
  50  4:01  Pylon  
  53  4:21  Adept x2  
  58  4:24  Pylon  
  58  4:27  Assimilator, Shield Battery  
  60  4:34  Assimilator  
  60  4:43  Adept x3  
  70  5:04  Adept x3  
  82  5:15  Forge, Twilight Council  
  82  5:19  Void Ray  
  86  5:27  Zealot  
  92  5:56  Robotics Facility  
  80  5:58  Assimilator x2  
  80  5:59  Protoss Ground Weapons Level 1 (Chrono Boost), Charge (Chrono Boost)  
  80  6:00  Templar Archives  
  80  6:03  Zealot x3  
  87  6:12  Gateway x3  
  87  6:29  Gateway x2  
  87  6:40  Psionic Storm  
  87  6:44  Immortal  
  87  6:45  High Templar x3  
  97  6:55  Shield Battery  
  97  6:57  Nexus  
  97  7:10  Shield Battery  
  97  7:13  Photon Cannon  
  97  7:20  High Templar x2  
  97  7:22  Zealot x3, Robotics Facility  
  107  7:24  Immortal  
  107  7:25  Shield Battery  
  107  7:29  Photon Cannon  
  105  7:53  High Templar x4  
  105  7:54  Zealot x2  
  105  7:56  Protoss Ground Weapons Level 2 (Chrono Boost)  
  117  7:58  Shield Battery  
  117  8:03  Photon Cannon x2  
  118  8:06  Immortal x2, Archon  
  138  8:45  Immortal x2 (Chrono Boost)  
  146  8:51  Assimilator x2  
  153  8:57  High Templar  
  161  9:03  Archon x2  
  160  9:19  Photon Cannon  
  160  9:22  Observer (Chrono Boost)  
  161  9:24  Photon Cannon  
  161  9:30  Shield Battery  
  157  9:56  Immortal x2 (Chrono Boost)